Map: [ESL] Babylon

Players

Serral - Winner!

  • Race: Zerg Zerg
  • Spawn Location: 11:00

Spatz

  • Race: Protoss Protoss
  • Spawn Location: 5:00

Event: ESL SC2 Masters 2023 Summer (Regionals)

VOD

Have the link to the VOD?

Description

Time

  • Played on: May 2, 2023, 9:12 a.m.
  • Length: 9:11

All games in this series

Show
View Real Time Build Order
Export as new Build Order

Serral Zerg - Winner!

Build Orders: Pool First 

Get SALT Encoding   

  12  0:00  Drone  
  13  0:11  Overlord  
  13  0:17  Drone  
  14  0:30  Drone x2  
  14  0:34  Drone  
  17  0:46  Spawning Pool  
  16  1:06  Hatchery  
  16  1:08  Drone  
  16  1:12  Drone  
  16  1:16  Drone  
  16  1:17  Extractor  
  17  1:22  Drone  
  18  1:33  Queen  
  18  1:35  Zergling x2  
  21  1:42  Overlord  
  21  1:55  Drone  
  22  2:04  Drone  
  23  2:09  Queen  
  23  2:13  Drone  
  26  2:22  Hatchery  
  25  2:24  Drone  
  25  2:28  Drone  
  27  2:31  Drone  
  27  2:35  Drone  
  28  2:39  Drone  
  28  2:40  Drone  
  30  2:51  Overlord  
  30  2:53  Drone x3  
  33  3:00  Queen  
  33  3:03  Drone  
  36  3:07  Lair  
  36  3:10  Drone  
  36  3:12  Drone  
  38  3:16  Drone x2  
  38  3:18  Drone  
  41  3:25  Roach Warren  
  40  3:30  Extractor  
  40  3:31  Drone x3  
  42  3:34  Drone  
  42  3:35  Drone  
  42  3:40  Drone  
  45  3:44  Overlord  
  45  3:45  Queen  
  47  3:52  Overlord  
  47  4:06  Roach x2  
  47  4:07  Roach x2, Glial Reconstitution  
  47  4:08  Evolution Chamber  
  55  4:10  Drone  
  55  4:13  Roach x2  
  59  4:17  Evolution Chamber  
  59  4:18  Overseer  
  59  4:20  Overlord  
  58  4:24  Roach x2  
  58  4:31  Overlord  
  63  4:36  Roach  
  63  4:37  Overlord  
  63  4:38  Overlord x2  
  65  4:41  Roach  
  67  4:49  Roach x3  
  73  4:55  Overlord  
  73  5:01  Roach x3  
  79  5:08  Roach  
  81  5:19  Roach x3  
  87  5:23  Overlord  
  87  5:28  Extractor, Drone x3  
  86  5:29  Drone x4  
  86  5:31  Drone x4  
  97  5:38  Drone  
  97  5:39  Drone x2  
  97  5:40  Drone  
  101  5:44  Drone x2  
  102  5:50  Drone x2  
  102  5:52  Extractor  
  102  5:53  Drone  
  102  5:55  Overlord  
  103  5:59  Drone  
  103  6:00  Drone x2  
  103  6:03  Overlord  
  104  6:06  Roach  
  104  6:07  Extractor, Ravager  
  106  6:14  Roach x5  
  106  6:16  Overlord  
  116  6:21  Ravager x2  
  116  6:25  Roach x3, Zergling x2  
  125  6:30  Roach x2  
  129  6:38  Roach  
  129  6:39  Roach x4  
  137  6:43  Zergling x2  
  137  6:44  Overlord x3  
  125  6:55  Roach x5  
  132  7:04  Roach x4  
  133  7:13  Roach x4, Zergling x2  
  137  7:20  Drone x4  
  137  7:22  Ravager  
  136  7:24  Ravager  
  136  7:28  Drone x2  
  137  7:30  Drone  
  137  7:35  Roach  
  137  7:36  Roach  
  142  7:47  Roach x3  
  142  7:50  Overlord  
  148  7:54  Baneling Nest  
  148  7:57  Drone x2  
  149  8:00  Ravager x3  
  149  8:05  Ravager x2  
  154  8:09  Drone x5  
  154  8:10  Hatchery  
  158  8:18  Roach  
  158  8:19  Roach x3  
  162  8:23  Roach  
  162  8:24  Roach x2  
  162  8:30  Roach x3  
  154  8:36  Roach x3  
  154  8:40  Roach x2  
  164  8:42  Zergling x6  
  165  8:48  Zergling x2  
  165  8:49  Zergling x4  
  165  8:51  Ravager x2  
Show
View Real Time Build Order
Export as new Build Order

Spatz Protoss 

Build Orders: 1 Gate Expand, Chargelot Immortal 

Get SALT Encoding   

  12  0:01  Probe  
  13  0:13  Probe  
  14  0:17  Pylon  
  14  0:25  Probe (Chrono Boost)  
  15  0:37  Probe (Chrono Boost)  
  15  0:39  Gateway  
  16  0:44  Probe (Chrono Boost)  
  16  0:48  Assimilator  
  17  0:51  Probe  
  18  1:03  Probe  
  19  1:15  Probe  
  20  1:27  Cybernetics Core  
  20  1:36  Nexus  
  20  1:42  Pylon  
  21  1:51  Probe  
  21  1:52  Assimilator  
  21  2:01  Adept (Chrono Boost)  
  21  2:03  Probe  
  21  2:05  Warp Gate  
  24  2:15  Probe  
  25  2:20  Twilight Council  
  25  2:27  Probe  
  26  2:30  Adept  
  28  2:42  Probe (Chrono Boost)  
  29  2:53  Probe (Chrono Boost)  
  29  2:54  Probe (Chrono Boost)  
  29  2:55  Gateway  
  29  2:57  Resonating Glaives (Chrono Boost)  
  30  3:00  Gateway  
  30  3:08  Probe  
  30  3:10  Probe  
  32  3:18  Robotics Facility  
  32  3:20  Probe  
  32  3:22  Probe  
  34  3:32  Probe, Pylon  
  35  3:34  Probe  
  36  3:44  Probe  
  36  3:46  Probe  
  38  3:54  Adept x2  
  38  3:55  Adept  
  44  3:56  Probe  
  44  3:58  Probe  
  44  4:02  Pylon  
  46  4:04  Warp Prism (Chrono Boost)  
  46  4:08  Probe  
  49  4:13  Pylon  
  49  4:18  Stalker  
  49  4:23  Adept x2  
  55  4:29  Probe x2  
  55  4:32  Observer  
  56  4:39  Gateway  
  56  4:40  Gateway  
  56  4:53  Immortal (Chrono Boost)  
  56  4:55  Gateway  
  56  4:56  Gateway  
  56  4:58  Stalker  
  56  4:59  Probe  
  63  5:04  Shield Battery  
  63  5:05  Probe  
  64  5:19  Pylon  
  64  5:24  Immortal (Chrono Boost)  
  64  5:26  Charge (Chrono Boost)  
  68  5:28  Pylon  
  68  5:29  Pylon  
  68  5:33  Assimilator  
  68  5:36  Pylon, Sentry  
  68  5:46  Pylon, Stalker  
  65  6:00  Adept x4  
  73  6:05  Pylon  
  73  6:08  Pylon  
  73  6:20  Adept x6  
  81  6:41  Adept x6  
  77  6:59  Immortal (Chrono Boost)  
  61  7:18  Nexus  
  61  7:20  Zealot x5  
  71  7:31  Sentry  
  71  7:36  Immortal (Chrono Boost)  
  77  7:44  Sentry  
  77  7:46  Sentry  
  77  7:47  Zealot x3  
  87  7:53  Pylon  
  87  8:07  Zealot x2  
  87  8:08  Zealot x3  
  94  8:21  Zealot  
  86  8:28  Zealot x5  
  82  8:45  Pylon  
  82  8:48  Zealot x6  
Tags
 
Add a new tag
Caveats
  • Supply blocks, unpowered buildings, or Contaminate may cause inaccurate times.
  • Supply counts are checked every 10 seconds.